 Dungeon Sprint DCSS version 0.30.1-11-g7821555f0a (webtiles) character file.

Game seed: 5973755429814126832

4100000 Groucho the Ninja (level 21, -73/224 HPs)
             Began as a Ghoul Warper on Nov 20, 2023.
             Was the Champion of Makhleb.
             Annihilated by a sculptor of flesh
             ... wielding a +9 great sword
              (187 damage)
             ... in the Dungeon (Sprint VIII: "Arena of Blood").
             The game lasted 00:01:45 (41 turns).

Groucho the Ninja (Ghoul Warper)                      Turns: 41, Time: 00:01:45

Health: -73/224    AC:  5    Str: 18    XL:     21   Next: 29%
Magic:  21/51      EV: 19    Int: 16    God:    Makhleb [******]
Gold:   0          SH:  0    Dex:  8    Spells: 74/74 levels left

rFire   . . .        i - +∞ Axe of Woe
rCold   + . .        (shield currently unavailable)
rNeg    + + +        b - +0 leather armour
rPois   ∞            (no helmet)
rElec   .            (no cloak)
rCorr   .            (no gloves)
SInv    +            (no boots)
Will    +....        (no amulet)
Stlth   +++++++++    g - ring of see invisible
HPRegen 0.00/turn    (no ring)
MPRegen 0.32/turn

%: no teleportation
@: inhibited regen, hasted, very quick
A: claws 1, cold resistance 1, negative energy resistance 3, inhibited
regeneration, torment resistance 2, devour on kill
a: Renounce Religion, Minor Destruction, Lesser Servant of Makhleb, Major
Destruction, Greater Servant of Makhleb


You were in the Dungeon.
You worshipped Makhleb.
Makhleb was exalted by your worship.
You visited 1 branch

Inventory:

Hand Weapons
 a - a +0 hand axe
 i - the +∞ Axe of Woe (weapon)
   (You found it in the Dungeon)
Missiles
 d - 7 boomerangs of dispersal (quivered)
Armour
 b - a +0 leather armour (worn)
Jewellery
 g - a ring of see invisible (left claw)
Potions
 e - a potion of curing
 f - a potion of heal wounds
 h - 2 potions of magic


   Skills:
 O Level 27 Fighting
 O Level 27 Axes
 - Level 0.8 Throwing
 + Level 20.2 Armour
 O Level 27 Dodging
 O Level 27 Stealth
 + Level 23.5 Unarmed Combat
 O Level 27 Spellcasting
 O Level 27 Translocations
 + Level 23.5 Invocations


You had 74 spell levels left.
You didn't know any spells.
Your spell library contained the following spells:

 Spells                   Type           Power      Damage    Failure   Level
 Blink                    Tloc           100%       N/A       0%          2
 Lesser Beckoning         Tloc           100%       N/A       0%          2
 Teleport Other           Tloc           82%        N/A       0%          3
 Manifold Assault         Tloc           82%        N/A       0%          4
 Vhi's Electric Charge    Tloc/Air       100%       N/A       1%          3


Dungeon Overview and Level Annotations

Branches:
Dungeon (1/1)

Altars:
Makhleb


Innate Abilities, Weirdness & Mutations

You are immune to poison.
You have sharp fingernails.
Your flesh is cold resistant. (rC+)
You are immune to negative energy. (rN+++)
You do not regenerate when monsters are visible.
You are immune to unholy pain and torment.
You thrive by killing the living.


Message History

A meat berserker comes into view. It is wielding a +9 battleaxe. x2
You hear a shout!
The Servant hits you with a +9 glaive of flaming!!!!
Ouch! That really hurt!
The Servant burns you!!
You hear a shout!
The destroyer shouts!
Unknown command.
You slash The Servant!
You slaughter The Servant joyfully.
You kill The Servant!
Makhleb accepts your kill.
You feel better.
You hit the large bag of meat.
Flame seeps out of the large bag of meat.
You slaughter the large bag of meat joyfully.
Makhleb accepts your kill.
You feel better.
The large bag of meat explodes!
The fiery explosion engulfs you!!
The fiery explosion engulfs the large bag of meat!!
The destroyer appears out of thin air!
A destroyer comes into view. It is wielding a +9 heavy great sword.
The destroyer shouts!
You hear a shout! x3; You hear two shouts!
Your Armour skill gained 5 levels and is now at level 20!
Your Unarmed Combat skill gained 5 levels and is now at level 23!
Your Invocations skill gained 5 levels and is now at level 23!
You have reached level 21!
Your experience leads to an increase in your attributes!
Increase (S)trength, (I)ntelligence, or (D)exterity?
You feel clever. x2
Unknown command.
Unknown command.
Unknown command.
You hear a shout! x2
The destroyer casts a spell at you.
The destroyer blinks!
You hear a shout!
The bag of meat hits you with a +9 war axe!
The large bag of meat is engulfed in blazing flames.
The sculptor of flesh hits you with a +9 great sword!!!!!
Ouch! That really hurt!
You die...

..o...###........
..###.......###...
....#..)))..#.....
....#..).)..#§..
.......)))......
............V...#
..........V....#.
......ooz....##..
..#...@....#....
.O.O.....§§.#...
..##.#oO)○§.....
.......§§......
#....#)))..####
.......§§)§...#.
.......§☼)☼.....
......§§§......
###############


You could see 2 destroyers, a sculptor of flesh, a large bag of meat (inner
flame), 2 meat berserkers and 3 bags of meat.

Vanquished Creatures
  Harold (D)
  A vampire knight (D)
  6 ogres (D)
  4 two-headed ogres (D)
  28 orcs (D)
40 creatures vanquished.

Notes
Turn   | Place    | Note
-------+----------+-------------------------------------------
     0 | D        | Found the +∞ Axe of Woe
     0 | D        | Groucho the Ghoul Warper began the quest for the Orb.
     0 | D        | Reached XP level 1. HP: 17/17 MP: 2/2
     3 | D        | Noticed a bag of meat
     4 | D        | Became a worshipper of Makhleb the Destroyer
     5 | D        | Noticed a bag of meat
     7 | D        | Noticed a bag of meat
     7 | D        | Noticed a bag of meat
     7 | D        | Noticed a bag of meat
     8 | D        | Noticed a meat berserker
     8 | D        | Noticed a bag of meat
     9 | D        | Noticed a bag of meat
     9 | D        | Noticed a bag of meat
     9 | D        | Noticed a bag of meat
     9 | D        | Noticed a bag of meat
     9 | D        | Noticed a bag of meat
     9 | D        | Noticed a bag of meat
     9 | D        | Noticed a bag of meat
    10 | D        | Noticed a bag of meat
    10 | D        | Noticed a bag of meat
    10 | D        | Noticed a bag of meat
    10 | D        | Noticed a bag of meat
    10 | D        | Noticed a bag of meat
    11 | D        | Killed a bag of meat
    11 | D        | Killed a bag of meat
    11 | D        | Reached * piety under Makhleb
    11 | D        | Noticed a meat berserker
    11 | D        | Noticed a bag of meat
    11 | D        | Noticed a meat berserker
    11 | D        | Noticed a bag of meat
    11 | D        | Noticed a bag of meat
    11 | D        | Noticed a bag of meat
    12 | D        | Reached XP level 2. HP: 24/24 MP: 3/3
    12 | D        | Reached XP level 3. HP: 29/29 MP: 4/4
    12 | D        | Reached XP level 4. HP: 36/36 MP: 5/5
    12 | D        | Reached XP level 5. HP: 41/41 MP: 6/6
    12 | D        | Reached XP level 6. HP: 48/48 MP: 7/7
    12 | D        | Reached XP level 7. HP: 55/55 MP: 8/8
    12 | D        | Reached XP level 8. HP: 61/61 MP: 9/9
    12 | D        | Reached XP level 9. HP: 67/67 MP: 10/10
    12 | D        | Reached XP level 10. HP: 73/73 MP: 11/11
    12 | D        | Reached XP level 11. HP: 79/79 MP: 12/12
    12 | D        | Reached XP level 12. HP: 85/85 MP: 13/13
    12 | D        | Noticed a large bag of meat
    12 | D        | Killed a meat berserker
    12 | D        | Killed a bag of meat
    12 | D        | Killed a bag of meat
    12 | D        | Reached ** piety under Makhleb
    13 | D        | Reached XP level 13. HP: 91/91 MP: 14/14
    13 | D        | Reached XP level 14. HP: 99/99 MP: 15/15
    13 | D        | Killed a bag of meat
    13 | D        | Killed a bag of meat
    13 | D        | Noticed a large bag of meat
    13 | D        | Noticed a bag of meat
    13 | D        | Noticed a bag of meat
    13 | D        | Noticed a meat berserker
    14 | D        | Reached skill level 27 in Stealth
    14 | D        | Killed a meat berserker
    14 | D        | Reached *** piety under Makhleb
    14 | D        | Killed a bag of meat
    14 | D        | Killed a bag of meat
    14 | D        | Killed a bag of meat
    14 | D        | Reached **** piety under Makhleb
    14 | D        | Killed a bag of meat
    15 | D        | Reached XP level 15. HP: 104/104 MP: 16/16
    15 | D        | Reached XP level 16. HP: 111/111 MP: 17/17
    16 | D        | Reached skill level 27 in Axes
    16 | D        | Reached skill level 27 in Dodging
    16 | D        | Reached skill level 5 in Spellcasting
    17 | D        | Reached ***** piety under Makhleb
    17 | D        | Killed a meat berserker
    17 | D        | Noticed a meat berserker
    18 | D        | Reached XP level 17. HP: 160/160 MP: 17/33
    19 | D        | Reached skill level 15 in Translocations
    19 | D        | Killed a meat berserker
    19 | D        | Reached ****** piety under Makhleb
    20 | D        | Noticed a destroyer
    21 | D        | Reached XP level 18. HP: 188/188 MP: 17/39
    21 | D        | Noticed a large bag of meat
    22 | D        | Noticed a large bag of meat
    24 | D        | Noticed a large bag of meat
    25 | D        | Noticed a meat berserker
    26 | D        | Killed a destroyer
    26 | D        | Noticed a large bag of meat
    28 | D        | Reached skill level 27 in Fighting
    28 | D        | Reached XP level 19. HP: 136/207 MP: 19/45
    29 | D        | Noticed The Servant
    31 | D        | Killed a meat berserker
    31 | D        | Killed a large bag of meat
    32 | D        | Reached skill level 27 in Spellcasting
    32 | D        | Reached skill level 27 in Translocations
    32 | D        | Reached skill level 5 in Unarmed Combat
    32 | D        | Reached skill level 5 in Invocations
    32 | D        | Killed a meat berserker
    33 | D        | Reached skill level 10 in Unarmed Combat
    33 | D        | Reached skill level 10 in Invocations
    33 | D        | Reached XP level 20. HP: 207/216 MP: 19/50
    34 | D        | Killed a large bag of meat
    36 | D        | Killed a large bag of meat
    38 | D        | Reached skill level 15 in Armour
    38 | D        | Noticed a destroyer
    39 | D        | Noticed a meat berserker
    39 | D        | Noticed a meat berserker
    40 | D        | Killed The Servant
    40 | D        | Killed a large bag of meat
    40 | D        | Noticed a destroyer
    41 | D        | Reached XP level 21. HP: 130/224 MP: 21/51
    41 | D        | Annihilated by a sculptor of flesh

Illustrated notes

Levels and vault maps discovered:
D:        meatsprint

Skill      XL: |  1  2  3  4  5  6  7  8  9 10 11 12 13 14 15 16 17 18 19 20 |
---------------+-------------------------------------------------------------+-----
Axes           | 16 20 26 27 | 27.0
Dodging        | 16 20 26 27 | 27.0
Stealth        | 20 25 27 | 27.0
Fighting       | 16 23 27 | 27.0
Spellcasting   | 13 18 23 27 | 27.0
Translocations | 14 20 25 27 | 27.0
Armour         | 9 20 | 20.2
Unarmed Combat | 10 23 | 23.5
Invocations    | 10 23 | 23.5
Throwing       | |  0.8

Action                     |  1- 3 |  4- 6 |  7- 9 | 10-12 | 13-15 | 16-18 | 19-21 || total
---------------------------+-------+-------+-------+-------+-------+-------+-------++-------
  Melee: Executioner's axe |     1 |       |       |     1 |     2 |     7 |     7 ||    18
    Use: Scroll            |       |       |       |       |       |     1 |     1 ||     2
         Potion            |       |       |       |       |       |     1 |       ||     1
  Dodge: Dodged            |     1 |       |       |       |       |     1 |       ||     2
